AoeStats
← Clubmate

Pilgrims

508046862Analyzed
2v2 RM · 12d ago on Sep 20, 2026· 37m 30s· 4 players
Game mode
Random Map
Map size
Medium (4 player)
Population
200
Speed
Normal
Resources
Standard
Victory
Conquest
Starting age
Dark Age
Ending age
Imperial Age
RankedLock teamsTeams togetherTeam positionsShared explorationLock speedFull tech treeHidden civsTurbo modeCheats
Victory
Defeat
🇦🇷 Japanese · Argentina
1062
+15
🇫🇮 Chinese · Finland
1039
+16
🇸🇪 Huns · Sweden
1067
-17
🇸🇪 Aztecs · Sweden
995
-14
Faceless
3:29 Loom
13:08 Feudal Age
14:14 Double-Bit Axe
15:57 Fletching
19:02 Castle Age
17:52 Wheelbarrow
17:26 Man-at-Arms
19:13 Scale Mail Armor
21:41 Medium Warships
21:14 Fishing Lines
23:27 Long Swordsman
24:39 Horse Collar
25:28 Squires
27:24 Pikeman
28:54 Bodkin Arrow
31:29 Chain Mail Armor
33:13 Gillnets
34:54 Heavy Plow
35:26 Crossbowman
40:29 Imperial Age
38:19 Hand Cart
escorpio_89_32
4:30 Loom
10:36 Feudal Age
11:03 Double-Bit Axe
12:27 Wheelbarrow
15:24 Forging
18:29 Fishing Lines
20:57 Castle Age
19:16 Gold Mining
22:50 Gillnets
23:47 Bow Saw
26:58 Hand Cart
30:23 Imperial Age
28:40 Iron Casting
28:51 Man-at-Arms
29:16 Gambesons
29:32 Squires
29:06 Pikeman
30:06 Scale Mail Armor
30:15 Long Swordsman
32:48 Two-Handed Swordsman
32:49 Halberdier
34:55 Chain Mail Armor
34:41 Champion
Clubmate
6:57 Loom
11:09 Feudal Age
14:16 Town Watch
18:59 Double-Bit Axe
19:11 Horse Collar
20:02 Scale Barding Armor
24:54 Castle Age
25:15 Bloodlines
25:22 Gold Mining
26:02 Husbandry
26:28 Forging
29:40 Chain Barding Armor
34:10 Iron Casting
35:06 Town Patrol
38:09 Imperial Age
sommarG
4:48 Loom
12:19 Feudal Age
15:13 Arson
15:55 Scale Mail Armor
18:11 Forging
22:33 Castle Age
22:38 Eagle Warrior
23:19 Squires
23:05 Gambesons
26:46 Iron Casting
35:26 Imperial Age
34:46 Gold Mining
37:33 Gold Shaft Mining
38:06 Chain Mail Armor
Connection lost

Rejoining the realm…

Still unreachable

The connection could not be restored.

Session expired

The server has moved on; the page needs a fresh start.